 Dungeon Crawl Stone Soup version 0.29-a0-551-gffc1d7fb78 (webtiles) character file.

Game seed: 14538389146205582200

0 shadowstone the Skirmisher (level 1, -4/14 HPs)
             Began as a Gargoyle Fighter on June 6, 2022.
             Was a Follower of Uskayaw.
             Frozen to death by an endoplasm (5 damage)
             ... on level 1 of the Dungeon.
             The game lasted 00:00:42 (88 turns).

shadowstone the Skirmisher (Gargoyle Fighter)         Turns: 88, Time: 00:00:42

Health: -4/14      AC:  9    Str: 19    XL:     1   Next: 10%
Magic:  1/1        EV:  9    Int:  8    God:    Uskayaw [*.....]
Gold:   7          SH:  4    Dex:  9    Spells: 0/0 levels left

rFire   . . .      SeeInvis .   a - +0 trident
rCold   . . .      Faith    .   c - +0 buckler
rNeg    + . .      Spirit   .   b - +0 scale mail
rPois   ∞          Reflect  .   (no helmet)
rElec   +          Harm     .   (no cloak)
rCorr   .          Rampage  .   (no gloves)
Will    .....                   (no boots)
Stlth   ..........              (no amulet)
HPRegen 0.04/turn               (no ring)
MPRegen 0.07/turn               (no ring)

@: about to teleport
A: sickness immunity, AC +2, negative energy resistance 1, electricity
resistance, torment resistance 1, petrification resistance
a: Renounce Religion, Stomp


You were on level 1 of the Dungeon.
You worshipped Uskayaw.
Uskayaw was noncommittal.
You visited 1 branch of the dungeon, and saw 1 of its levels.

You collected 7 gold pieces.

Inventory:

Hand Weapons
 a - a +0 trident (weapon)
Armour
 b - a +0 scale mail (worn)
 c - a +0 buckler (worn)
Potions
 d - a potion of might


   Skills:
 + Level 3.3 Fighting
 + Level 1.7 Polearms
 + Level 3.2 Armour
 + Level 3.2 Shields


You couldn't memorise any spells.
You didn't know any spells.
Your spell library was empty.

Dungeon Overview and Level Annotations

Branches:
Dungeon (1/15)

Altars:
Uskayaw


Innate Abilities, Weirdness & Mutations

You are immune to sickness and miasma.
Your stone body is resilient. (AC +2)
You are immune to poison.
You resist negative energy. (rN+)
You are resistant to electric shocks. (rElec)
You are resistant to unholy torment.
You are immune to petrification.


Message History

The endoplasm quivers.
The quokka bites you but does no damage.
You block the quokka's attack. The quokka attacks as you move away!
The quokka barely misses you.
The quokka bites you but does no damage.
The endoplasm barely misses you.
The quokka bites you but does no damage.
The quokka bites you. The endoplasm barely misses you.
You see here 9 gold pieces.
The endoplasm attacks as you move away!
The endoplasm hits you but does no damage.
You closely miss the quokka.
The quokka bites you but does no damage.
The endoplasm barely misses you.
The quokka bites you but does no damage.
You closely miss the quokka. The quokka bites you. The endoplasm hits you.
The quokka bites you but does no damage.
The endoplasm freezes you.
You are frozen.
You closely miss the quokka. The quokka bites you.
* * * LOW HITPOINT WARNING * * *
You block the endoplasm's attack.
You hit the quokka.
The quokka is lightly wounded.
The quokka closely misses you. The endoplasm barely misses you.
The quokka barely misses you.
You closely miss the quokka.
The quokka is lightly wounded.
The endoplasm freezes you.
You are frozen.
* * * LOW HITPOINT WARNING * * *
The quokka bites you.
* * * LOW HITPOINT WARNING * * *
As you read the scroll labelled SULUTUTAIF, it crumbles to dust.
You feel strangely unstable.
It was a scroll of teleportation.
The quokka barely misses you. The endoplasm freezes you.
You are frozen.
You die...

.#.## ....## .....#
.....# .#.#.# .#.#.#
##### ##.#.# ##...##
...#.# ##.....##
####.### #...@...#
#>..# #...rJ..#
#...#### #)..$...####
#...†..####.....#....
##.###................
###.................###
..........#........##
.......##.##.......#
....................#


You could see an endoplasm and a quokka.

Vanquished Creatures
  A frilled lizard (D:1)
1 creature vanquished.

Notes
Turn   | Place    | Note
-------+----------+-------------------------------------------
     0 | D:1      | shadowstone the Gargoyle Fighter began the quest for the
                  | Orb.
     0 | D:1      | Reached XP level 1. HP: 14/14 MP: 1/1
    49 | D:1      | Found a faded altar of an unknown god.
    60 | D:1      | Prayed at the altar of an unknown god.
    60 | D:1      | Became a worshipper of Uskayaw the Reveller
    60 | D:1      | Reached * piety under Uskayaw
    88 | D:1      | Frozen to death by an endoplasm

Illustrated notes

Levels and vault maps discovered:
D:1:      dpeg_arrival_court, layout_rooms, basic_ecumenical_altar

Action                   || total
-------------------------++-------
Melee: Trident           ||     6
  Use: Scroll            ||     1
Armor: Scale mail        ||     8
Dodge: Dodged            ||     9
Block: Buckler           ||     2

Table legend: (Time is in decaauts)
 A = Elapsed time spent in this place.
 B = Non-inter-level travel time spent in this place.
 C = Inter-level travel time spent in this place.
 D = Time resting spent in this place.
 E = Time spent auto-exploring this place.
 F = Levels seen in this place.
 G = Mean time per level.
                   A        B        C        D        E       F      G
               +--------+--------+--------+--------+--------+-----+--------+
         Total |     89 |     89 |      0 |      0 |      0 |   1 |   89.0 |
       Dungeon |     89 |     89 |      0 |      0 |      0 |   1 |   89.0 |
               +--------+--------+--------+--------+--------+-----+--------+

Top non-repeatable levels by time:
     D:1: 89 daAuts
